AoeStats
← Cinnamoroll

African Clearing

505377927Analyzed
4v4 RM · 24d ago on Sep 9, 2026· 48m 10s· 8 players
Game mode
Random Map
Map size
Large (8 player)
Population
200
Speed
Normal
Resources
Standard
Victory
Conquest
Starting age
Dark Age
Ending age
Imperial Age
RankedLock teamsTeams togetherTeam positionsShared explorationLock speedFull tech treeHidden civsTurbo modeCheats
Victory
Defeat
🇨🇳 Bulgarians · China
1639
+12
🇮🇳 Spanish · India
1625
+13
🇨🇳 Vietnamese · China
1598
+14
🇨🇳 Japanese · China
1442
+20
🇺🇸 Vikings · United States
1606
-17
🇨🇦 Celts · Canada
1559
-15
🇧🇷 Berbers · Brazil
1539
-14
🇨🇦 Mongols · Canada
1509
-13
busy pushing deer
14:20 Feudal Age
17:55 Castle Age
16:02 Double-Bit Axe
19:06 Fletching
19:44 Bodkin Arrow
22:06 Crossbowman
23:26 Padded Archer Armor
24:01 Fishing Lines
27:09 Leather Archer Armor
27:39 Ballistics
30:36 Gillnets
36:03 Imperial Age
33:24 Loom
33:24 Town Watch
34:28 Horse Collar
35:52 Scale Mail Armor
36:02 Forging
35:47 Gold Mining
35:50 Stone Mining
36:26 Capped Ram
36:33 Arbalester
37:16 Bracer
37:54 Bow Saw
38:49 Chemistry
40:20 Ring Archer Armor
40:05 Chain Mail Armor
40:26 Iron Casting
39:25 Siege Ram
42:35 Conscription
43:03 Bogsveigar
44:32 Two-Man Saw
45:37 Gold Shaft Mining
LordCow
8:13 Loom
12:40 Feudal Age
13:57 Double-Bit Axe
18:38 Castle Age
21:17 Fletching
21:58 Bodkin Arrow
26:39 Husbandry
28:40 Wheelbarrow
33:07 Imperial Age
30:40 Gold Mining
31:49 Hand Cart
32:05 Bow Saw
32:24 Town Watch
34:32 Ballistics
34:15 Bracer
35:03 Padded Archer Armor
37:08 Onager
40:02 Light Cavalry
40:51 Scale Barding Armor
42:05 Bloodlines
42:48 Drill
44:43 Siege Engineers
44:00 Siege Onager
Cinnamoroll
12:32 Loom
14:46 Feudal Age
18:20 Castle Age
17:07 Double-Bit Axe
17:21 Horse Collar
19:13 Bow Saw
18:59 Fishing Lines
21:47 Elite Skirmisher
23:07 Ballistics
22:45 Town Watch
23:31 Fletching
24:14 Bodkin Arrow
25:04 Husbandry
27:55 Medium Warships
28:41 Wheelbarrow
29:17 Town Patrol
Perseu
9:11 Loom
12:00 Feudal Age
13:30 Double-Bit Axe
21:31 Castle Age
20:25 Horse Collar
21:35 Fletching
30:13 Bow Saw
33:01 Scale Barding Armor
33:25 Bloodlines
35:52 Wheelbarrow
44:45 Imperial Age
43:01 Town Watch
47:12 Hand Cart
比奇堡_Gary
12:14 Loom
14:28 Feudal Age
14:59 Double-Bit Axe
15:03 Town Watch
18:19 Castle Age
17:56 Gold Mining
19:14 Bow Saw
19:17 Fletching
21:43 Bodkin Arrow
22:11 Ballistics
25:37 Padded Archer Armor
25:55 Horse Collar
27:17 Leather Archer Armor
33:46 Stone Mining
34:39 Wheelbarrow
35:32 Hand Cart
36:32 Heavy Plow
39:43 Imperial Age
39:47 Elite Rattan Archer
40:43 Bracer
41:46 Chemistry
42:19 Scale Mail Armor
42:29 Forging
45:58 Elite Fire Lancer
47:17 Squires
47:03 Arson
48:36 Chain Mail Armor
红黑EX
4:14 Loom
14:53 Feudal Age
16:28 Wheelbarrow
15:40 Double-Bit Axe
21:03 Castle Age
20:54 Horse Collar
27:11 Gold Mining
27:45 Scale Mail Armor
28:35 Squires
29:41 Forging
30:16 Chain Mail Armor
34:26 Iron Casting
38:12 Heavy Plow
41:39 Imperial Age
42:06 Elite Samurai
43:08 Conscription
42:11 Capped Ram
43:24 Plate Mail Armor
43:55 Blast Furnace
45:27 Arson
tim.13
6:24 Loom
13:56 Feudal Age
19:15 Castle Age
17:12 Double-Bit Axe
18:06 Horse Collar
20:50 Wheelbarrow
22:00 Scale Barding Armor
32:22 Fletching
33:20 Bodkin Arrow
40:53 Imperial Age
40:20 Bow Saw
40:40 Chain Barding Armor
40:31 Forging
40:49 Hand Cart
41:34 Onager
45:19 Town Watch
48:07 Plate Barding Armor
48:59 Iron Casting
kerwin
7:52 Loom
13:35 Feudal Age
17:03 Castle Age
15:41 Double-Bit Axe
17:58 Bow Saw
19:31 Fishing Lines
20:40 Horse Collar
26:11 Wheelbarrow
25:22 Town Watch
26:01 Padded Archer Armor
27:17 Town Watch
29:49 Hand Cart
32:43 Heavy Plow
39:44 Imperial Age
37:41 Gold Mining
37:42 Stone Mining
40:32 Ballistics
40:01 Elite Conquistador
41:02 Conscription
40:58 Leather Archer Armor
42:38 Scale Barding Armor
43:04 Ring Archer Armor
43:41 Two-Man Saw
42:35 Gillnets
44:02 Bloodlines
43:52 Husbandry
43:13 Cavalier
44:16 Chain Barding Armor
45:38 Plate Barding Armor
45:13 Forging
45:45 Paladin
46:26 Scale Mail Armor
47:03 Iron Casting
47:21 Stone Shaft Mining
48:47 Blast Furnace
47:19 Capped Ram
Connection lost

Rejoining the realm…

Still unreachable

The connection could not be restored.

Session expired

The server has moved on; the page needs a fresh start.